 Dungeon Crawl Stone Soup version 0.31-a0-988-g08d55da (webtiles) character file.

Game seed: 1565591311950365535

645 Blackhawk the Trooper (level 7, -1/82 HPs)
             Began as a Demonspawn Berserker on Nov 5, 2023.
             Was a Priest of Trog.
             Succumbed to a scorpion's poison
             ... on level 5 of the Dungeon.
             The game lasted 00:06:18 (4708 turns).

Blackhawk the Trooper (Demonspawn Berserker)        Turns: 4708, Time: 00:06:18

Health: -1/82      AC:  4    Str: 21    XL:     7   Next: 27%
Magic:  16/16      EV: 13    Int: 14    God:    Trog [***...]
Gold:   252        SH:  0    Dex: 12    Spells: 6/6 levels left

rFire   . . .        a - +0 hand axe
rCold   . . .        (no shield)
rNeg    . . .        j - +1 robe of the Alphagorgon {-Tele Str+2 Int+5}
rPois   .            (no helmet)
rElec   .            (no cloak)
rCorr   .            h - +0 pair of gloves
SInv    .            (no boots)
Will    .....        (no amulet) Stlth
                     n - ring of magical power
HPRegen 0.33/turn    (no ring)
MPRegen 0.15/turn

%: no teleportation
@: berserking (expiring), lethally poisoned (-1 -> -16), very quick
A: demonic guardian 1, foul stench 1, demonic touch 1
a: Renounce Religion, Berserk, Trog's Hand


You were on level 5 of the Dungeon.
You worshipped Trog.
Trog was most pleased with you.
You visited 1 branch of the dungeon, and saw 5 of its levels.

You collected 252 gold pieces.

Inventory:

Hand Weapons
 a - a +0 hand axe (weapon)
 b - a +2 short sword of venom
Missiles
 d - a throwing net
Armour
 h - a +0 pair of gloves (worn)
 j - the +1 robe of the Alphagorgon (worn) {-Tele Str+2 Int+5}
   (You found it on level 3 of the Dungeon)

   Str+2:     It affects your strength (+2).
   Int+5:     It affects your intelligence (+5).
   -Tele:     It prevents most forms of teleportation.
 v - a +0 animal skin
Jewellery
 n - a ring of magical power (left hand)
 o - a ring of ice
Wands
 i - a wand of flame (10)
 t - a wand of mindburst (17)
Scrolls
 e - 2 scrolls of fear {unknown}
 f - 3 scrolls of fog {unknown}
 g - 4 scrolls of identify {unknown}
 p - a scroll of blinking {unknown}
 q - a scroll of enchant armour {unknown}
 r - a scroll of enchant weapon {unknown}
 s - a scroll of acquirement {unknown}
 u - 2 scrolls of teleportation {unknown}
Potions
 c - 3 potions of curing {unknown}
 k - a potion of cancellation {unknown}
 l - 3 potions of brilliance {unknown}
 m - a potion of attraction {unknown}
 w - a potion of lignification {unknown}
 x - a potion of ambrosia {unknown}


   Skills:
 + Level 4.9 Fighting
 + Level 4.4 Axes
 + Level 3.9 Armour
 + Level 3.9 Dodging


You had 6 spell levels left.
You didn't know any spells.
Your spell library was empty.

Dungeon Overview and Level Annotations

Branches:
Dungeon (5/15)             Temple (0/1) D:5

Altars:
Nemelex Xobeh

Annotations:
D:3 2 runed translucent doors, exclusion: orc priest, Coin's ghost, amateur HOFi


Innate Abilities, Weirdness & Mutations

A weak demonic guardian rushes to your aid.
You may rarely emit foul miasma when damaged in melee.
Your touch may inflict minor irresistible damage on your foes.


Message History

You are too injured to fight recklessly!
You are too injured to fight recklessly!
You are too injured to fight recklessly!
A red film seems to cover your vision as you go berserk!
You feel yourself moving faster!
You feel mighty!
You feel very sick. The scorpion stings you.
You are more poisoned.
The scorpion poisons you!
You hit the scorpion.
The scorpion is severely wounded.
* * * LOW HITPOINT WARNING * * *
You feel very sick. The scorpion misses you.
You hit the scorpion.
The scorpion is almost dead.
* * * LOW HITPOINT WARNING * * *
You feel very sick. The scorpion stings you.
* * * LOW HITPOINT WARNING * * *
A demonic guardian appears!
You are more poisoned.
The scorpion poisons you!
You closely miss the scorpion.
The scorpion is almost dead.
* * * LOW HITPOINT WARNING * * *
You feel very sick.
You hit the scorpion.
You kill the scorpion!
Trog accepts your kill.
* * * LOW HITPOINT WARNING * * *
You feel very sick.
You are too berserk!
There is a lethal amount of poison in your body!
* * * LOW HITPOINT WARNING * * *
You feel very sick.
You feel a strong urge to attack something.
* * * LOW HITPOINT WARNING * * *
You feel very sick.
You die...

########.#
###.
.##........###
##.
.............#
##.#
.............#
##.##
.............#
#..#.
.............#
#.#..
.............#
#....
.......5.....#
#..###
.....$.@.....#
#.# #
......†......#
#. #.
.............#
#.....
.............#
#..##
.............#
.............#
.............#
##############


You could see a friendly ufetubus (summoned).

Vanquished Creatures
  2 centaurs
  A scorpion (D:5)
  2 orc priests
  Natasha (thrice) (D:2)
  2 orc wizards (D:5)
  7 adders
  2 dart slugs
  9 orcs
  4 bats
  8 endoplasms
  5 giant cockroaches
  9 goblins
  5 hobgoblins
  7 jackals
  5 quokkas
  3 ball pythons
  4 frilled lizards
  10 kobolds
  8 rats
96 creatures vanquished.

Vanquished Creatures (collateral kills)
  An ogre (D:4)
1 creature vanquished.

Grand Total: 97 creatures vanquished

Notes
Turn   | Place    | Note
-------+----------+-------------------------------------------
     0 | D:1      | Blackhawk the Demonspawn Berserker began the quest for the
                  | Orb.
     0 | D:1      | Reached XP level 1. HP: 18/18 MP: 1/1
   119 | D:1      | Gained mutation: Your touch may inflict minor irresistible
                  | damage on your foes. [demonic ancestry]
   119 | D:1      | Reached XP level 2. HP: 19/24 MP: 2/2
   528 | D:2      | Noticed Natasha
   534 | D:2      | Killed Natasha
   535 | D:2      | Gained mutation: A weak demonic guardian rushes to your
                  | aid. [demonic ancestry]
   535 | D:2      | Reached XP level 3. HP: 23/29 MP: 3/3
   554 | D:2      | Noticed Natasha
   558 | D:2      | Killed Natasha
   559 | D:2      | Reached XP level 4. HP: 31/35 MP: 4/4
   623 | D:2      | Reached ** piety under Trog
  1364 | D:2      | Noticed Natasha
  1371 | D:2      | Killed Natasha
  1929 | D:3      | Identified the +1 robe of the Alphagorgon {-Tele Str+2
                  | Int+5}
  2122 | D:3      | Reached XP level 5. HP: 27/42 MP: 5/5
  2649 | D:3      | Found a large runed translucent door.
  2650 | D:3      | Found a large runed translucent door.
  2652 | D:3      | Noticed Coin's ghost (amateur HOFi)
  2925 | D:4      | Noticed a centaur
  2930 | D:4      | Killed a centaur
  2931 | D:4      | Reached XP level 6. HP: 29/48 MP: 6/6
  3057 | D:4      | Found a sparkling altar of Nemelex Xobeh.
  3070 | D:4      | Reached *** piety under Trog
  4251 | D:5      | Entered Level 5 of the Dungeon
  4369 | D:5      | Gained mutation: You may rarely emit foul miasma when
                  | damaged in melee. [demonic ancestry]
  4369 | D:5      | Reached XP level 7. HP: 25/55 MP: 7/7
  4474 | D:5      | Found a staircase to the Ecumenical Temple.
  4706 | D:5      | HP: 4/82 [poisoned by a scorpion]
  4707 | D:5      | HP: 1/82 [poisoned by a scorpion]
  4708 | D:5      | Succumbed to a scorpion's poison

Illustrated notes

Levels and vault maps discovered:
D:1:      minmay_arrival_jagged, layout_rooms, nicolae_kite_square_tiling_tiny
D:2:      layout_basic, uniq_natasha
D:3:      kennysheep_the_goblin_king, layout_basic, ebering_ghost_disaster_area,
          minmay_misc_feat_nine_boxes
D:4:      layout_layer_cave, mainiacjoe_overflow_chevrons
D:5:      layout_basic, overflow_temple_1_default, minmay_temple_entry_wispy

Skill      XL: |  1  2  3  4  5  6 |
---------------+-------------------+-----
Armour         | 2 3 |  3.9
Dodging        | 2 3 |  3.9
Axes           | 3 4 |  4.4
Fighting       | 4 |  4.9

Action                     |  1- 3 |  4- 6 |  7- 9 || total
---------------------------+-------+-------+-------++-------
  Melee: Hand axe          |    64 |   173 |    40 ||   277
         Touch             |     6 |    16 |     7 ||    29
         Punch             |       |     1 |     1 ||     2
 Invoke: Berserk           |       |     3 |     1 ||     4
   Stab: Sleeping          |       |     1 |       ||     1
 Armour: Animal skin       |    44 |    21 |       ||    65
         Robe              |       |    87 |    23 ||   110
  Dodge: Dodged            |    51 |   131 |    28 ||   210

Table legend: (Time is in decaauts)
 A = Elapsed time spent in this place.
 B = Non-inter-level travel time spent in this place.
 C = Inter-level travel time spent in this place.
 D = Time resting spent in this place.
 E = Time spent auto-exploring this place.
 F = Levels seen in this place.
 G = Mean time per level.
                   A        B        C        D        E       F      G
               +--------+--------+--------+--------+--------+-----+--------+
         Total |   4770 |   4679 |     91 |     92 |   3900 |   5 |  954.0 |
       Dungeon |   4770 |   4679 |     91 |     92 |   3900 |   5 |  954.0 |
               +--------+--------+--------+--------+--------+-----+--------+

Top non-repeatable levels by time:
     D:3: 1293 daAuts
     D:4: 1287 daAuts
     D:2: 1227 daAuts
     D:1: 503 daAuts
     D:5: 458 daAuts
